APP
KINGSPORT METS @ BURLINGTON ROYALS
09/18/2099
 
TOP OF THE 1ST
Kingsport Mets batting - Pitching for Burlington Royals : LHP Eric Lane
Pitching: LHP Eric Lane
Batting: RHB Bob Bell 0-0: Ball
1-0: Called Strike
1-1: Called Strike
1-2: Strikes out swinging
Batting: RHB Randy Dawe 0-0: Swinging Strike
0-1: Ball
1-1: Foul Ball, location: 9LMF
1-2: Ball
2-2: Strikes out swinging
Batting: LHB Eddie Diaz 0-0: Foul Ball, location: 7LSF
0-1: Called Strike
0-2: Ball
1-2: Ball
2-2: Ball
3-2: Strikes out swinging
Top of the 1st over - 0 runs, 0 hits, 0 errors, 0 left on base; Kingsport 0 - Burlington 0
BOTTOM OF THE 1ST
Burlington Royals batting - Pitching for Kingsport Mets : RHP Rich Arnold
Pitching: RHP Rich Arnold
Batting: RHB Luke Tromp 0-0: Ball
1-0: Ground out 4-3 (Groundball, 4, EV 85.0 MPH)
Batting: RHB Ryan Riley 0-0: Called Strike
0-1: Swinging Strike
0-2: Ball
1-2: Strikes out swinging
Batting: RHB Jim Neely 0-0: Called Strike
0-1: SOLO HOME RUN (Flyball, 9D, EV 96.3 MPH), Distance : 370 ft
Batting: SHB Jim Naccarato 0-0: Ball
1-0: Ball
2-0: Ball
3-0: Base on Balls
Batting: LHB Mike Goodwin 0-0: Ball
1-0: Ball
2-0: Ball
3-0: Called Strike
3-1: Base on Balls
Jim Naccarato to second
Batting: RHB Adam Bonner 0-0: Swinging Strike
0-1: Ball
1-1: Foul Ball, location: 2F
1-2: Strikes out swinging
Bottom of the 1st over - 1 run, 1 hit, 0 errors, 2 left on base; Kingsport 0 - Burlington 1
TOP OF THE 2ND
Kingsport Mets batting - Pitching for Burlington Royals : LHP Eric Lane
Batting: RHB Eric Shoemaker 0-0: Called Strike
0-1: Ball
1-1: SINGLE (Groundball, 34D, EV 96.9 MPH)
Batting: RHB Ryan Scott 0-0: Called Strike
0-1: Ball
1-1: Swinging Strike
1-2: Foul Ball, location: 3SF
1-2: SINGLE (Line Drive, 89S, EV 95.6 MPH)
Eric Shoemaker to second
Batting: RHB Felipe Becerra 0-0: Called Strike
0-1: Foul Ball, location: 2F
0-2: Strikes out swinging
Batting: RHB Chad Martin 0-0: Ball
1-0: Ground out 5-3 (Groundball, 56S, EV 70.6 MPH)
Eric Shoemaker to third
Ryan Scott to second
Pinch Hitting: LHB Hector Carranco 0-0: Ground out 4-3 (Groundball, 4M, EV 83.1 MPH)
Top of the 2nd over - 0 runs, 2 hits, 0 errors, 2 left on base; Kingsport 0 - Burlington 1
BOTTOM OF THE 2ND
Burlington Royals batting - Pitching for Kingsport Mets : RHP Rich Arnold
Now in CF: Jake Coode
Batting: RHB Tony Gomez 0-0: DOUBLE (Line Drive, 78XD, EV 106.3 MPH)
Batting: RHB Danny Espinoza 0-0: Called Strike
0-1: Ball
1-1: Foul Ball, location: 9LMF
1-2: Ball
2-2: Foul Ball, location: 2F
2-2: Ball
3-2: Foul Ball, location: 9LDF
3-2: Base on Balls
Batting: RHB Jeremy Herrera 0-0: Called Strike
0-1: Fielders Choice at 2nd, 5-4 (Groundball, 56S, EV 79.4 MPH)
Tony Gomez to third
Batting: RHB Luke Tromp 0-0: Ball
1-0: Ball
2-0: Swinging Strike
2-1: Ball
3-1: Foul Ball, location: 2F
3-2: Foul Ball, location: 25F
3-2: Strikes out swinging
Batting: RHB Ryan Riley 0-0: Ball
1-0: Foul Ball, location: 3F
1-1: Ball
2-1: Swinging Strike
2-2: Strikes out swinging
Bottom of the 2nd over - 0 runs, 1 hit, 0 errors, 2 left on base; Kingsport 0 - Burlington 1
TOP OF THE 3RD
Kingsport Mets batting - Pitching for Burlington Royals : LHP Eric Lane
Batting: SHB Joe Samples 0-0: Ball
1-0: Swinging Strike
1-1: Ball
2-1: Swinging Strike
2-2: Strikes out looking
Batting: RHB Bob Bell 0-0: Ball
1-0: Called Strike
1-1: Swinging Strike
1-2: Foul Ball, location: 9LMF
1-2: Ball
2-2: Ball
3-2: Foul Ball, location: 2F
3-2: Strikes out looking
Batting: RHB Randy Dawe 0-0: Ball
1-0: Ball
2-0: Ball
3-0: Called Strike
3-1: Called Strike
3-2: Foul Ball, location: 3F
3-2: Strikes out looking
Top of the 3rd over - 0 runs, 0 hits, 0 errors, 0 left on base; Kingsport 0 - Burlington 1
BOTTOM OF THE 3RD
Burlington Royals batting - Pitching for Kingsport Mets : RHP Rich Arnold
Batting: RHB Jim Neely 0-0: Ball
1-0: Called Strike
1-1: DOUBLE (Line Drive, 9LD, EV 95.0 MPH)
Batting: SHB Jim Naccarato 0-0: Ball
1-0: Called Strike
1-1: SINGLE (Line Drive, 78S, EV 103.1 MPH)
Jim Neely to third
Batting: LHB Mike Goodwin 0-0: Foul Ball, location: 5F
0-1: Ball
1-1: Ball
2-1: Foul Ball, location: 3F
2-2: Foul Ball, location: 5F
2-2: Ball
3-2: Base on Balls
Jim Naccarato to second
Batting: RHB Adam Bonner 0-0: Ball
1-0: Foul Ball, location: 2F
1-1: Ball
2-1: Called Strike
2-2: Strikes out swinging
Batting: RHB Tony Gomez 0-0: Called Strike
0-1: SINGLE (Groundball, 56D, EV 94.4 MPH)
Jim Neely scores
Jim Naccarato to third
Mike Goodwin to second
Batting: RHB Danny Espinoza 0-0: Ball
1-0: SINGLE (Groundball, 34D, EV 97.5 MPH)
Jim Naccarato scores
Mike Goodwin to third
Tony Gomez to second
Runner from 3rd tries for Home, SAFE, throw by RF to home
Batting: RHB Jeremy Herrera 0-0: Ball
1-0: Foul Ball, location: 25F
1-1: Called Strike
1-2: Ball
2-2: Ball
3-2: Foul Ball, location: 5F
3-2: Strikes out swinging
Batting: RHB Luke Tromp 0-0: SINGLE (Line Drive, 89S, EV 92.5 MPH)
Tony Gomez to third
Danny Espinoza to second
Runner from 3rd tries for Home, SAFE, throw by RF to home
Pitching: RHP Chris Hunton
Batting: RHB Ryan Riley 0-0: Ball
1-0: Called Strike
1-1: Swinging Strike
1-2: Foul Ball, location: 5DF
1-2: Ball
2-2: SINGLE (Groundball, 34D, EV 104.4 MPH)
Danny Espinoza to third
Luke Tromp to second
Runner from 3rd tries for Home, SAFE, throw by RF to home
Batting: RHB Jim Neely 0-0: Ball
1-0: Called Strike
1-1: Fly out, F3 (Popup, 23F, EV 86.3 MPH)
Bottom of the 3rd over - 5 runs, 6 hits, 0 errors, 2 left on base; Kingsport 0 - Burlington 6
TOP OF THE 4TH
Kingsport Mets batting - Pitching for Burlington Royals : LHP Eric Lane
Batting: LHB Eddie Diaz 0-0: Foul Ball, location: 3FF
0-1: Foul Ball, location: 2F
0-2: Ball
1-2: Strikes out swinging
Batting: RHB Eric Shoemaker 0-0: Swinging Strike
0-1: Swinging Strike
0-2: Ball
1-2: Strikes out swinging
Batting: RHB Ryan Scott 0-0: Called Strike
0-1: Foul Ball, location: 2F
0-2: Strikes out swinging
Top of the 4th over - 0 runs, 0 hits, 0 errors, 0 left on base; Kingsport 0 - Burlington 6
BOTTOM OF THE 4TH
Burlington Royals batting - Pitching for Kingsport Mets : RHP Chris Hunton
Batting: SHB Jim Naccarato 0-0: Ground out U3 (Groundball, 3, EV 81.3 MPH)
Batting: LHB Mike Goodwin 0-0: Ball
1-0: Ball
2-0: Ball
3-0: Base on Balls
Batting: RHB Adam Bonner 0-0: Ball
1-0: Called Strike
1-1: Fly out, F7 (Line Drive, 7LM, EV 91.9 MPH)
Batting: RHB Tony Gomez 0-0: Ball
1-0: Ball
2-0: DOUBLE (Flyball, 89XD, EV 110.6 MPH)
Mike Goodwin to third
Batting: RHB Danny Espinoza 0-0: Called Strike
0-1: Ball
1-1: Foul Ball, location: 9LSFF
1-2: Strikes out swinging
Bottom of the 4th over - 0 runs, 1 hit, 0 errors, 2 left on base; Kingsport 0 - Burlington 6
TOP OF THE 5TH
Kingsport Mets batting - Pitching for Burlington Royals : LHP Eric Lane
Batting: RHB Felipe Becerra 0-0: Called Strike
0-1: Swinging Strike
0-2: Strikes out swinging
Batting: RHB Chad Martin 0-0: Called Strike
0-1: Ball
1-1: Ground out U3 (Groundball, 3, EV 103.8 MPH)
Batting: LHB Jake Coode 0-0: Swinging Strike
0-1: Called Strike
0-2: Strikes out swinging
Top of the 5th over - 0 runs, 0 hits, 0 errors, 0 left on base; Kingsport 0 - Burlington 6
BOTTOM OF THE 5TH
Burlington Royals batting - Pitching for Kingsport Mets : RHP Chris Hunton
Batting: RHB Jeremy Herrera 0-0: Ball
1-0: SINGLE (Line Drive, 5D, EV 98.8 MPH)
Batting: RHB Luke Tromp 0-0: Grounds into double play, 6-4-3 (Groundball, 6, EV 88.1 MPH)
Batting: RHB Ryan Riley 0-0: Ball
1-0: Ball
2-0: Called Strike
2-1: Foul Ball, location: 2F
2-2: Strikes out swinging
Bottom of the 5th over - 0 runs, 1 hit, 0 errors, 0 left on base; Kingsport 0 - Burlington 6
TOP OF THE 6TH
Kingsport Mets batting - Pitching for Burlington Royals : LHP Eric Lane
Batting: SHB Joe Samples 0-0: Foul Ball, location: 2F
0-1: Foul Ball, location: 2F
0-2: Ball
1-2: Ball
2-2: Foul Ball, location: 23F
2-2: Foul Ball, location: 25F
2-2: Strikes out swinging
Batting: RHB Bob Bell 0-0: Ball
1-0: Foul Ball, location: 2F
1-1: Foul Ball, location: 2F
1-2: Reached on error, E5 (Groundball, 5L, EV 85.0 MPH)
Batting: RHB Randy Dawe 0-0: SINGLE (Groundball, 56S, EV 68.1 MPH) (infield hit)
Bob Bell to second
Batting: LHB Eddie Diaz 0-0: Ball
1-0: SINGLE (Flyball, 7S, EV 91.9 MPH)
Bob Bell to third
Randy Dawe to second
Pitching: RHP Miguel Pelayo
Batting: RHB Mike Peetz 0-0: Swinging Strike
0-1: Ball
1-1: Foul Ball, location: 9LMF
1-2: Ball
2-2: Strikes out swinging
Batting: RHB Ryan Scott 0-0: Called Strike
0-1: Ball
1-1: Ground out 6-3 (Groundball, 56, EV 96.9 MPH)
Top of the 6th over - 0 runs, 2 hits, 1 error, 3 left on base; Kingsport 0 - Burlington 6
BOTTOM OF THE 6TH
Burlington Royals batting - Pitching for Kingsport Mets : RHP Chris Hunton
Batting: RHB Jim Neely 0-0: Called Strike
0-1: Foul Ball, location: 5F
0-2: Ball
1-2: Fly out, F8 (Flyball, 8RM, EV 89.4 MPH)
Pitching: RHP Brad Gross
Batting: SHB Jim Naccarato 0-0: Foul Ball, location: 3SF
0-1: Ball
1-1: Swinging Strike
1-2: Strikes out looking
Batting: LHB Mike Goodwin 0-0: Called Strike
0-1: Ball
1-1: Called Strike
1-2: Ball
2-2: Strikes out looking
Bottom of the 6th over - 0 runs, 0 hits, 0 errors, 0 left on base; Kingsport 0 - Burlington 6
TOP OF THE 7TH
Kingsport Mets batting - Pitching for Burlington Royals : RHP Miguel Pelayo
Batting: RHB Felipe Becerra 0-0: Ball
1-0: Called Strike
1-1: Ball
2-1: Foul Ball, location: 2F
2-2: Foul Ball, location: 2F
2-2: Foul Ball, location: 3F
2-2: Ball
3-2: Base on Balls
Batting: RHB Chad Martin 0-0: Ball
1-0: Ball
2-0: Foul Ball, location: 25FF
2-1: Swinging Strike
2-2: Ball
3-2: Foul Ball, location: 3FF
3-2: Strikes out swinging
Batting: LHB Jake Coode 0-0: Ball
Felipe Becerra is caught stealing 2nd base 2-6
1-0: Ground out 4-3 (Groundball, 4, EV 88.1 MPH)
Top of the 7th over - 0 runs, 0 hits, 0 errors, 0 left on base; Kingsport 0 - Burlington 6
BOTTOM OF THE 7TH
Burlington Royals batting - Pitching for Kingsport Mets : RHP Brad Gross
Batting: RHB Adam Bonner 0-0: Hit by Pitch
Batting: RHB Tony Gomez 0-0: Ball
1-0: Grounds into double play, 4-6-3 (Groundball, 4, EV 100.0 MPH)
Batting: RHB Danny Espinoza 0-0: Called Strike
0-1: Called Strike
0-2: Foul Ball, location: 5F
0-2: Ball
1-2: Foul Ball, location: 3SF
1-2: Foul Ball, location: 2F
1-2: Foul Ball, location: 2F
1-2: Ball
2-2: Foul Ball, location: 5F
2-2: Fly out, F8 (Flyball, 8LD, EV 96.3 MPH)
Bottom of the 7th over - 0 runs, 0 hits, 0 errors, 0 left on base; Kingsport 0 - Burlington 6
TOP OF THE 8TH
Kingsport Mets batting - Pitching for Burlington Royals : RHP Miguel Pelayo
Batting: SHB Joe Samples 0-0: Foul Ball, location: 2F
0-1: Ball
1-1: Swinging Strike
1-2: Foul Ball, location: 3FF
1-2: Ball
2-2: Ball
3-2: Strikes out swinging
Batting: RHB Bob Bell 0-0: Fly out, F7 (Flyball, 78M, EV 97.5 MPH)
Pinch Hitting: SHB Aaron Kelly 0-0: Ball
1-0: Ball
2-0: Swinging Strike
2-1: Reached on error, E5 (Groundball, 56S, EV 81.9 MPH)
Batting: LHB Eddie Diaz 0-0: Ball
1-0: Ball
2-0: Ball
3-0: Called Strike
3-1: SINGLE (Line Drive, 89M, EV 91.9 MPH)
Aaron Kelly to third
Runner from 3rd tries for Home, SAFE, throw by RF to home
Pitching: LHP Emerson Neil
Batting: RHB Mike Peetz 0-0: Fielders Choice at 2nd, 5-4 (Groundball, 56, EV 105.0 MPH)
Top of the 8th over - 1 run, 1 hit, 1 error, 1 left on base; Kingsport 1 - Burlington 6
BOTTOM OF THE 8TH
Burlington Royals batting - Pitching for Kingsport Mets : RHP Brad Gross
Pitching: RHP Mike Crytzer
Now at 3B: Ryan Scott
Now at SS: Aaron Kelly
Batting: RHB Jeremy Herrera 0-0: Fly out, F9 (Flyball, 9S, EV 99.4 MPH)
Batting: RHB Luke Tromp 0-0: Ground out 6-3 (Groundball, 6, EV 88.1 MPH)
Batting: RHB Ryan Riley 0-0: Ball
1-0: Ball
2-0: Swinging Strike
2-1: Ball
3-1: SINGLE (Line Drive, 34D, EV 96.9 MPH)
Batting: RHB Jim Neely 0-0: Foul Ball, location: 25F
0-1: Ball
1-1: Ball
2-1: Ball
3-1: Foul Ball, location: 3FF
3-2: Ground out 4-3 (Groundball, 4MS, EV 85.6 MPH)
Bottom of the 8th over - 0 runs, 1 hit, 0 errors, 1 left on base; Kingsport 1 - Burlington 6
TOP OF THE 9TH
Kingsport Mets batting - Pitching for Burlington Royals : LHP Emerson Neil
Batting: RHB Ryan Scott 0-0: Swinging Strike
0-1: Called Strike
0-2: Ground out U3 (Groundball, 3, EV 87.5 MPH)
Batting: RHB Felipe Becerra 0-0: Foul Ball, location: 2F
0-1: Ball
1-1: Called Strike
1-2: SINGLE (Line Drive, 56D, EV 96.3 MPH)
Batting: RHB Chad Martin 0-0: Called Strike
0-1: Fielders Choice at 2nd, 5-4 (Groundball, 56S, EV 78.1 MPH)
Pinch Hitting: RHB Brad Allman 0-0: Ball
1-0: Ball
2-0: Called Strike
2-1: Swinging Strike
2-2: Foul Ball, location: 3F
2-2: Strikes out swinging
Top of the 9th over - 0 runs, 1 hit, 0 errors, 1 left on base; Kingsport 1 - Burlington 6
Thursday, May 16th , 2024 - OOTP Baseball 24.11 Build 85